 Dungeon Crawl Stone Soup version 0.25.1-2-g60ff931df9 (webtiles) character file.

Game seed: 10423376848339949464

23 Borbozo the Grasshopper (level 2, 0/15 HPs)
             Began as a Spriggan Warper on Sept 25, 2020.
             Slain by a worm (7 damage)
             ... on level 2 of the Dungeon.
             The game lasted 00:13:46 (1794 turns).

Borbozo the Grasshopper (Spriggan Warper)           Turns: 1794, Time: 00:13:46

Health: 0/15       AC:  4    Str:  7    XL:     2   Next: 72%
Magic:  7/7        EV: 18    Int: 14    God:
Gold:   50         SH:  0    Dex: 11    Spells: 7/7 levels left

rFire    + . .     SeeInvis +   a - +1 short sword
rCold    . . .     Gourm    .   (shield restricted)
rNeg     . . .     Faith    .   b - +0 robe
rPois    .         Spirit   .   (helmet restricted)
rElec    .         Reflect  .   j - +1 cloak
rCorr    .         Harm     .   (gloves unavailable)
MR       .....                  (boots unavailable)
Stlth    +.........             (no amulet)
HPRegen  0.05/turn              g - -4 ring of dexterity (curse)
MPRegen  0.10/turn              s - ring of protection from fire

@: very quick
A: very small, unfitting armour, see invisible, herbivore, speed 3, slow
metabolism 2
a: no special abilities


You were on level 2 of the Dungeon.
You were not hungry.

You visited 1 branch of the dungeon, and saw 2 of its levels.

You collected 50 gold pieces.

Inventory:

Hand Weapons
 a - a +1 short sword (weapon)
 l - a +0 dagger
 n - a +0 spear
 p - a +0 whip
 q - a +0 dagger
Missiles
 e - 5 boomerangs of dispersal (quivered)
 h - 14 arrows
Armour
 b - a +0 robe (worn)
 c - a +0 leather armour
 j - a +1 cloak (worn)
 o - a +0 robe
Jewellery
 g - a cursed -4 ring of dexterity (left hand)
 r - an uncursed ring of protection from cold {unknown}
 s - a ring of protection from fire (right hand)
Scrolls
 d - 2 scrolls of blinking
 i - a scroll of teleportation
Potions
 k - a potion of curing {unknown}
 m - a potion of resistance {unknown}
Comestibles
 f - 3 rations


   Skills:
 + Level 1.8 Fighting
 + Level 2.5 Short Blades
 + Level 1.0 Throwing
 + Level 4.0 Dodging
 + Level 0.7 Stealth
 + Level 3.2 Spellcasting
   Level 4.4 Translocations


You had 7 spell levels left.
You didn't know any spells.
Your spell library contained the following spells:

 Spells                   Type           Power        Failure   Level  Hunger
 Blink                    Tloc           N/A          5%          2    ##.....
 Gell's Gravitas          Tloc           ##........   11%         3    ###....
 Lesser Beckoning         Tloc           ##........   11%         3    ###....
 Teleport Other           Tloc           ##......     11%         3    ###....
 Shroud of Golubria       Chrm/Tloc      #.....       13%         2    ##.....
 Passage of Golubria      Tloc           N/A          34%         4    #####..


Dungeon Overview and Level Annotations

Branches:
Dungeon (2/15)

Altars:


Innate Abilities, Weirdness & Mutations

You are very small and have problems with some larger weapons.
You are too small for most types of armour.
You have supernaturally acute eyesight. (SInv)
You are a herbivore.
You cover ground extremely quickly.
You need to consume almost no food.


Message History

You barely miss the jackal.
The jackal is lightly wounded.
The jackal closely misses you.
You hit the jackal.
The jackal is heavily wounded.
The jackal misses you. The jackal completely misses you.
You hit the jackal.
You kill the jackal!
You see here a jackal skeleton.
You see here a jackal skeleton.
Things that are here:
a +0 club; a hobgoblin skeleton You hit the worm.
The worm is moderately wounded.
The worm bites you!
Ouch! That really hurt!
You hit the worm.
The worm is moderately wounded.
The worm bites you!
You die...

############ #
#..).÷÷....+ ..
#?#.######..##
....#.#.######..####+##
<>.........@w..........
......#.######..####.##
#..##.#.<....w..#### #.
. #.........†..# #.
#............# #
#.#######....# #..
......+ ... ###....#
.... .......


You could see a worm.

Vanquished Creatures
  A goblin (D:1)
  2 hobgoblins
  10 jackals
  A bat (D:1)
  A frilled lizard (D:1)
  2 kobolds (D:1)
  2 rats (D:1)
19 creatures vanquished.

Notes
Turn   | Place    | Note
-------+----------+-------------------------------------------
     0 | D:1      | Borbozo the Spriggan Warper began the quest for the Orb.
     0 | D:1      | Reached XP level 1. HP: 10/10 MP: 5/5
   373 | D:1      | Reached XP level 2. HP: 9/15 MP: 7/7
  1794 | D:2      | Slain by a worm

Illustrated notes

Levels and vault maps discovered:
D:1:      ncdulo_halloftheorcs, layout_loops_ring, grunt_decor_one_mirror
D:2:      layout_basic, nicolae_overflow_hidden_temple, elyvilon_altar_1,
          uniq_robin, uniq_crazy_yiuf_cottage

Skill      XL: |  1  2 |
---------------+-------+-----
Spellcasting   | 3 |  3.2
Dodging        | 4 |  4.0
Fighting       | |  1.8
Short Blades   | |  2.5
Throwing       | |  1.0
Stealth        | |  0.7
Translocations | |  4.4

Action                   || total
-------------------------++-------
Melee: Short sword       ||   126
  Use: Scroll            ||     6
 Stab: Sleeping          ||     1
Armor: Robe              ||    11
Dodge: Dodged            ||   126
